 Dungeon Crawl Stone Soup version 0.31.0-32-g396128a36d (webtiles) character file.

Game seed: 10704231783045916470

63 Karin the Chiller (level 4, -3/31 HPs)
             Began as a Human Ice Elementalist on Apr 20, 2024.
             Slain by a mummy (18 damage)
             ... in an ossuary.
             The game lasted 00:05:57 (1966 turns).

Karin the Chiller (Human Ice Elementalist)          Turns: 1966, Time: 00:05:58

Health: -3/31      AC:  3    Str:  8    XL:     4   Next: 10%
Magic:  7/7        EV: 12    Int: 17    God:
Gold:   112        SH:  0    Dex: 14    Spells: 0/8 levels left

rFire   . . .        e - +0 quarterstaff
rCold   . . .        (shield currently unavailable)
rNeg    . . .        a - +1 robe
rPois   .            (no helmet)
rElec   .            (no cloak)
rCorr   .            (no gloves)
SInv    .            (no boots)
Will    .....        (no amulet)
Stlth   ++           (no ring)
HPRegen 0.25/turn    (no ring)
MPRegen 0.10/turn

%: no passive effects
@: no status effects
A: explore regen
a: no special abilities


You were in an ossuary.
You visited 1 branch of the dungeon, and saw 4 of its levels.
You also visited: Ossuary.

You collected 112 gold pieces.

Inventory:

Hand Weapons
 e - a +0 quarterstaff (weapon)
 f - a +3 sling of draining
Missiles
 k - a throwing net
Armour
 a - a +1 robe (worn)
Scrolls
 d - a scroll of teleportation
 g - a scroll of fear
Potions
 b - a potion of enlightenment {unknown}
 c - a potion of curing
 h - a potion of attraction {unknown}
 i - a potion of haste {unknown}
 j - a potion of magic


   Skills:
 * Level 0.7 Fighting
 * Level 0.2 Staves
 * Level 0.1 Throwing
 * Level 0.6 Armour
 * Level 2.1 Dodging
 * Level 2.3 Stealth
 * Level 2.6 Spellcasting
 * Level 0.1 Summonings
 * Level 4.6 Ice Magic


You couldn't memorise any spells.
You knew the following spells:

 Your Spells              Type           Power      Damage    Failure   Level
a - Freeze                Ice            68%        1d8       2%          1
b - Frozen Ramparts       Ice            34%        1d6       9%          3
c - Summon Ice Beast      Ice/Summ       10%        N/A       21%         3
d - Summon Small Mammal   Summ           8%         N/A       17%         1

Your spell library contained the following spells:

 Spells                   Type           Power      Damage    Failure   Level
 Ozocubu's Armour         Ice            17%        N/A       9%          3
 Apportation              Tloc           4%         N/A       19%         1
 Necrotise                Necr           8%         1d4       19%         1
 Sting                    Conj/Alch      8%         1d3       19%         1


Dungeon Overview and Level Annotations

Branches:
Dungeon (4/15)            Ossuary (1/1)
 Temple: D:4-7

Altars:


Innate Abilities, Weirdness & Mutations

You regain HP and MP as you explore.


Message History

Fire: f) +3 sling (drain)
Press: ? - help, Q - select action, (/) - cycle Shift-Dir - straight line, f - mummy
Aim: a mummy (wandering, hasn't noticed you, 74% to hit)
You shoot a sling bullet. The sling bullet hits the mummy.
The mummy is lightly damaged.
Unknown command.
Fire: f) +3 sling (drain)
Press: ? - help, Q - select action, (/) - cycle Shift-Dir - straight line, f/p - mummy
Aim: a mummy (lightly damaged, 74% to hit)
You shoot a sling bullet. The sling bullet hits the mummy.
The mummy is heavily damaged.
Unknown command.
Fire: f) +3 sling (drain)
Press: ? - help, Q - select action, (/) - cycle Shift-Dir - straight line, f/p - mummy
Aim: a mummy (heavily damaged, 74% to hit)
You shoot a sling bullet.
The sling bullet hits the mummy but does no damage.
The mummy is heavily damaged.
Fire: f) +3 sling (drain)
Press: ? - help, Q - select action, (/) - cycle Shift-Dir - straight line, f/p - mummy
Aim: a mummy (heavily damaged, 74% to hit)
You shoot a sling bullet.
The sling bullet hits the mummy but does no damage.
The mummy is heavily damaged.
e - a +0 quarterstaff (weapon)
The mummy misses you.
You hit the mummy.
The mummy is heavily damaged.
You hit the mummy.
The mummy is severely damaged.
The mummy hits you!
Ouch! That really hurt!
You hit the mummy.
The mummy is severely damaged.
The mummy barely misses you.
You hit the mummy but do no damage.
The mummy is severely damaged.
The mummy hits you!!
Ouch! That really hurt!
You die...

#####
#∩..#
#.∩.#
#.@.#
##M##
...
#'#+#
#. ##


You could see a mummy.

Vanquished Creatures
  An adder (D:2)
  A dart slug (D:1)
  A ribbon worm (D:2)
  7 ball pythons
  7 endoplasms
  2 giant cockroaches (D:1)
  6 goblins
  3 hobgoblins
  A quokka (D:1)
  2 bats (D:1)
  2 frilled lizards
  7 kobolds
  3 rats
  A rat zombie (D:4)
44 creatures vanquished.

Notes
Turn   | Place    | Note
-------+----------+-------------------------------------------
     0 | D:1      | Karin the Human Ice Elementalist began the quest for the
                  | Orb.
     0 | D:1      | Reached XP level 1. HP: 13/13 MP: 3/3
    90 | D:1      | Reached XP level 2. HP: 12/19 MP: 0/5
   523 | D:1      | Reached XP level 3. HP: 24/25 MP: 0/6
   527 | D:1      | Learned a level 3 spell: Frozen Ramparts
  1498 | D:2      | Reached XP level 4. HP: 29/30 MP: 7/7
  1502 | D:2      | Learned a level 3 spell: Summon Ice Beast
  1939 | D:4      | Learned a level 1 spell: Summon Small Mammal
  1939 | D:4      | Found a sand-covered staircase.
  1954 | Ossuary  | Entered an ossuary
  1966 | Ossuary  | Slain by a mummy

Illustrated notes

Levels and vault maps discovered:
D:1:      minmay_arrival_stone_box, layout_rooms, due_unseen_surprise
D:2:      layout_loops_corners
D:3:      layout_basic, chequers_jeans
D:4:      layout_loops_corners, mainiacjoe_overflow_boulevard,
          chequers_temple_overflow_minitemple, mainiacjoe_overflow_swirl,
          enter_ossuary_3, nicolae_shop_i_like_small_books_too,
          minmay_misc_feat_four_crosses
Ossuary:  ossuary_zaba_flooded

Action                     |  1- 3 |  4- 6 || total
---------------------------+-------+-------++-------
  Melee: Unarmed           |     1 |       ||     1
         Quarterstaff      |     3 |     8 ||    11
   Fire: Sling             |    11 |    18 ||    29
   Cast: Freeze            |    50 |     3 ||    53
         Frozen Ramparts   |     4 |       ||     4
    Use: Potion            |     1 |       ||     1
         Scroll            |     7 |       ||     7
 Armour: Robe              |    34 |     9 ||    43
  Dodge: Dodged            |    46 |     9 ||    55
